 Dungeon Crawl Stone Soup version 0.22-a0-135-g6f012ad (webtiles) character file.

4088 Daviar the Envoy of Void (level 10, -1/69 HPs)
             Began as an Octopode Abyssal Knight on Feb 2, 2018.
             Was a High Priest of Lugonu.
             Slain by a killer bee (3 damage)
             ... on level 9 of the Dungeon.
             The game lasted 00:17:25 (9831 turns).

Daviar the Envoy of Void (Octopode Abyssal Knight)  Turns: 9831, Time: 00:17:26

Health: -1/69      AC:  1    Str: 11    XL:     10   Next: 26%
Magic:  13/16      EV: 17    Int: 14    God:    Lugonu [*****.]
Gold:   466        SH:  6    Dex: 16    Spells: 9/9 levels left

rFire    . . .     SeeInvis .   s - +1 rapier (flame)
rCold    + + .     Gourm    +   x - +1 buckler
rNeg     . . .     Faith    .   (helmet restricted)
rPois    .         Spirit   .   j - amulet of the gourmand
rElec    .         Reflect  .   C - ring of protection from cold
rCorr    .         Harm     .   A - ring of protection from cold
MR       .....                  (no ring)
Stlth    +++++.....             (no ring)
HPRegen  0.21/turn              (no ring)
MPRegen  0.15/turn              (no ring)
                                (no ring)
                                (no ring)

@: lethally poisoned (-1 -> -4)
A: almost no armour, stealthy swim, amphibious, 8 rings, constrict 8, camouflage
1, gelatinous body 1
a: Depart the Abyss, Bend Space, Banish, Corrupt, Enter the Abyss, Renounce
Religion


You were on level 9 of the Dungeon.
You worshipped Lugonu.
Lugonu was extremely pleased with you.
You were not hungry.

You visited 1 branch of the dungeon, and saw 9 of its levels.
You visited the Abyss 1 time.

You collected 466 gold pieces.

Inventory:

Hand Weapons
 d - a +0 dagger of freezing
 s - a +1 rapier of flaming (weapon)
 B - a +0 rapier of draining
Armour
 x - a +1 buckler (worn)
Jewellery
 g - an uncursed ring of ice
 j - an amulet of the gourmand (around mantle)
 A - a ring of protection from cold (right tentacle)
 C - a ring of protection from cold (left tentacle)
Wands
 w - a wand of enslavement (11)
 G - a wand of paralysis (20)
 I - a wand of digging (12)
Scrolls
 a - 2 scrolls of magic mapping
 e - 2 scrolls of fear
 i - 4 scrolls of identify
 n - 2 scrolls of amnesia {unknown}
 p - a scroll of fog {unknown}
 q - a scroll of enchant weapon {unknown}
 r - 4 scrolls of remove curse
 t - 6 scrolls of teleportation
 u - a scroll of blinking {unknown}
 y - a scroll of enchant armour
 E - a scroll of immolation {unknown}
 F - a scroll of torment {unknown}
Potions
 c - 2 potions of curing
 f - a potion of lignification {!q}
 h - 3 potions of heal wounds
 k - a potion of brilliance {unknown}
 l - 2 potions of degeneration {unknown}
 m - a potion of might {unknown}
 o - 3 potions of flight {unknown}
 z - a potion of berserk rage {unknown}
 D - a potion of resistance {unknown}
 H - a potion of magic {unknown}
Books
 v - a book of Debilitation

   Spells                             Type                      Level
   a - Corona                         Hexes                        1
   b - Slow                           Hexes                        2
   c - Inner Flame                    Hexes/Fire                   3
   d - Portal Projectile              Hexes/Translocation          3
   e - Cause Fear                     Hexes                        4
   f - Leda's Liquefaction            Hexes/Earth                  4
Comestibles
 b - 16 rations


   Skills:
 - Level 6.3 Fighting
 + Level 6.3 Short Blades
 + Level 6.5 Dodging
 + Level 7.5 Stealth
 + Level 3.6 Shields
 * Level 8.9 Invocations


You had 9 spell levels left.
You didn't know any spells.

Dungeon Overview and Level Annotations

Branches:
Dungeon (9/15)             Temple (0/1) D:6            Lair (0/6) D:9
    Orc: D:9-12

Altars:
Ashenzari
Cheibriados
Dithmenos
Elyvilon
Hepliaklqana
Makhleb
Ru
Sif Muna
Trog
Uskayaw
Vehumet
Wu Jian
Xom


Innate Abilities, Weirdness & Mutations

You cannot wear most types of armour.
You are very stealthy in the water. (Stealth+)
You are amphibious.
You can wear up to eight rings at the same time.
You can use your tentacles to constrict eight enemies at once.
Your skin changes colour to match your surroundings (Stealth+).
Your rubbery body absorbs attacks. (AC +1, EV +1)


Message History

The killer bee stings you!
* * * LOW HITPOINT WARNING * * *
You take 13 damage, and have 10/69 hp.
You miss the killer bee. Your grab misses the killer bee.
You block the killer bee's attack. The orc closely misses you.
The killer bee closely misses you.
You closely miss the killer bee. Your grab misses the killer bee.
Your squeeze misses the killer bee. The killer bee completely misses you.
You block the orc's attack. The killer bee misses you.
You puncture the killer bee! You burn the killer bee. You grab the killer bee.
Your squeeze misses the killer bee.
The killer bee is heavily wounded.
You constrict the killer bee. The killer bee misses you. The orc misses you.
You barely miss the killer bee.
The killer bee is severely wounded.
You constrict the killer bee. The killer bee stings you!
* * * LOW HITPOINT WARNING * * *
You are lethally poisoned!
The killer bee poisons you! The killer bee stings you.
You die...

#####..# ..........
######......# #..........
#......<....##
####...........
.............#
#...............
.........##..##
#...............
....########..#
#...............# ...##
#..## #..............#
...#
##...###..............#
...#
##.....@oo.#)..........#
..##
##......y##.............#
###
#......#####............#
# #.......#
##...........# ##.......#
##....../.... ##........#
#..##....... ##.........#
#..###...###
##.........## #... ###.#
###.........## ....# ###


You could see a killer bee and 2 orcs.

Vanquished Creatures
  Pikel (D:4)
  A hornet (D:6)
  Prince Ribbit (D:5)
  Grinder (D:3)
  Eustachio (D:4)
  An orc warrior (D:8)
  2 sky beasts
  2 slaves (D:4)
  2 black bears (D:7)
  2 ogres (D:8)
  A centaur (D:9)
  A big kobold (D:8)
  A bullfrog (D:9)
  2 scorpions
  A water moccasin skeleton (D:7)
  7 killer bees (D:9)
  3 crimson imps
  A howler monkey (D:4)
  7 orc priests
  A centaur skeleton (D:4)
  6 hounds
  A jelly (D:8)
  Jessica (D:3)
  2 iguanas
  5 orc wizards
  Natasha (D:3)
  7 worker ants
  A statue (D:7)
  A hound skeleton (D:8)
  A worker ant zombie (D:6)
  Robin (D:3)
  4 gnolls
  8 adders
  A shadow imp (D:4)
  4 worms
  2 dart slugs (D:1)
  5 leopard geckos
  30 orcs
  3 giant cockroaches
  9 hobgoblins
  15 jackals
  A ball python (D:3)
  5 bats
  6 frilled lizards
  13 goblins
  A jackal zombie (D:8)
  14 kobolds
  A leopard gecko zombie (D:5)
  A quokka zombie (D:9)
  11 rats
200 creatures vanquished.

Vanquished Creatures (collateral kills)
  The ghost of sankara the Dealer of Despair, a novice DsNe of Kikubaaqudgha (D:5)
1 creature vanquished.

Vanquished Creatures (others)
  2 orc warriors
  A centaur (D:8)
  2 jackals
5 creatures vanquished.

Grand Total: 206 creatures vanquished

Notes
Turn   | Place    | Note
-------+----------+-------------------------------------------
     0 | Abyss:1  | Daviar the Octopode Abyssal Knight began the quest for the Orb.
     0 | Abyss:1  | Reached XP level 1. HP: 16/16 MP: 2/2
    10 | D:1      | Escaped the Abyss
   219 | D:1      | Reached XP level 2. HP: 19/21 MP: 3/3
   297 | D:1      | Reached skill level 1 in Stealth
   527 | D:1      | Reached XP level 3. HP: 24/26 MP: 4/4
   528 | D:1      | Reached ** piety under Lugonu
  1177 | D:2      | Found a hide-covered altar of Uskayaw.
  1729 | D:3      | Noticed Natasha
  1730 | D:3      | Killed Natasha
  1730 | D:3      | Reached XP level 4. HP: 31/31 MP: 4/6
  1887 | D:3      | Noticed Jessica
  1894 | D:3      | Killed Jessica
  1894 | D:3      | Reached XP level 5. HP: 21/36 MP: 7/7
  1905 | D:3      | Reached *** piety under Lugonu
  1932 | D:3      | Noticed Grinder
  2097 | D:3      | Paralysed by Grinder for 3 turns
  2135 | D:3      | Killed Grinder
  2135 | D:3      | Reached skill level 3 in Invocations
  2135 | D:3      | Reached XP level 6. HP: 8/43 MP: 8/8
  2653 | D:3      | Found a shimmering altar of Xom.
  2790 | D:3      | Noticed Robin
  2836 | D:3      | Killed Robin
  3448 | D:4      | Reached XP level 7. HP: 49/49 MP: 9/9
  3582 | D:4      | Noticed Eustachio
  3616 | D:4      | Killed Eustachio
  3616 | D:4      | Reached skill level 4 in Invocations
  4531 | D:4      | Noticed Pikel
  4786 | D:4      | Reached skill level 5 in Stealth
  4843 | D:4      | Killed Pikel
  4843 | D:4      | Reached skill level 5 in Fighting
  4843 | D:4      | Reached skill level 5 in Invocations
  4843 | D:4      | Reached XP level 8. HP: 24/55 MP: 10/12
  5204 | D:4      | Found a white marble altar of Elyvilon.
  5335 | D:4      | Reached **** piety under Lugonu
  5351 | D:5      | Entered Level 5 of the Dungeon
  5517 | D:5      | Noticed sankara's ghost (novice DsNe)
  5538 | D:5      | HP: 1/55 [sankara's ghost/nerve-wracking pain (11)]
  5539 | D:5      | Killed sankara's ghost
  5539 | D:5      | Reached skill level 5 in Dodging
  5539 | D:5      | Reached skill level 6 in Invocations
  5540 | D:5      | Reached skill level 5 in Short Blades
  5939 | D:5      | Found a sacrificial altar of Ru.
  5945 | D:5      | Found an ornate altar of the Wu Jian Council.
  5951 | D:5      | Found a snail-covered altar of Cheibriados.
  6059 | D:5      | Found a shattered altar of Ashenzari.
  6079 | D:5      | Reached XP level 9. HP: 62/62 MP: 13/13
  6107 | D:5      | Found a shadowy altar of Dithmenos.
  6168 | D:5      | Noticed Prince Ribbit
  6193 | D:5      | Killed Prince Ribbit
  6193 | D:5      | Reached skill level 1 in Shields
  6617 | D:6      | Noticed a hornet
  6622 | D:6      | Killed a hornet
  6622 | D:6      | Reached skill level 7 in Invocations
  6711 | D:6      | Found a deep blue altar of Sif Muna.
  6972 | D:6      | Found a staircase to the Ecumenical Temple.
  7536 | D:7      | Found a bloodstained altar of Trog.
  7541 | D:7      | Found a hazy altar of Hepliaklqana.
  7923 | D:7      | Found a radiant altar of Vehumet.
  8393 | D:8      | Reached skill level 8 in Invocations
  8874 | D:8      | Reached XP level 10. HP: 64/69 MP: 16/16
  8907 | D:8      | Found a burning altar of Makhleb.
  8998 | D:8      | Found a deep blue altar of Sif Muna.
  9479 | D:9      | Found a staircase to the Lair.
  9815 | D:9      | Reached ***** piety under Lugonu
  9831 | D:9      | HP: 2/69 [killer bee (9)]
  9831 | D:9      | Slain by a killer bee

Vault maps used:
D:1:      dpeg_arrival_short_road, minmay_misc_feat_doors
D:2:      eat_drink_and_be_merry_uskayaw
D:3:      xom_teletrap_fun, kennysheep_cluttered_room, uniq_natasha,
          uniq_jessica, uniq_robin, uniq_grinder
D:4:      elyvilon_altar_4, uniq_eustachio, uniq_pikel
D:5:      grunt_dithmenos_smoke, ashenzari_conservatory_becter,
          minmay_overflow_temple_star_quad, first_ration,
          minmay_misc_feat_rugged, uniq_prince_ribbit1
D:6:      minmay_temple_entry_junction, st_stairs_12, led_sif_book
D:7:      vehumet_statue, grunt_temple_overflow_open
D:8:      kennysheep_little_box, lightli_temple_of_fire
D:9:      lair_entry_dummy, hangedman_pestilent_swarm, uniq_erica,
          uniq_gastronok

Skill      XL: |  1  2  3  4  5  6  7  8  9 |
---------------+----------------------------+-----
Stealth        | 1 2 3 4 5 6 7 |  7.5
Dodging        | 3 4 5 6 |  6.5
Fighting       | 4 5 6 |  6.3
Short Blades   | 3 4 5 6 |  6.3
Invocations    | 3 5 6 8 |  8.9
Shields        | 3 |  3.6

Action                   |  1- 3 |  4- 6 |  7- 9 | 10-12 || total
-------------------------+-------+-------+-------+-------++-------
Melee: Short sword       |    28 |       |       |       ||    28
       Constrict         |    29 |    30 |    51 |    18 ||   128
       Tentacles         |    14 |    27 |    57 |    13 ||   111
       Dagger            |    66 |   107 |    37 |       ||   210
       Rapier            |       |       |   234 |    79 ||   313
Invok: Banish            |       |       |     2 |     1 ||     3
Evoke: Wand              |       |       |     4 |       ||     4
  Use: Potion            |       |       |     1 |     1 ||     2
       Scroll            |       |       |     7 |       ||     7
 Stab: Sleeping          |     5 |     7 |    17 |     6 ||    35
       Distracted        |       |     1 |     3 |       ||     4
  Eat: Chunk             |     2 |     6 |    26 |       ||    34
Armor: Skin              |     7 |       |    17 |     1 ||    25
Dodge: Dodged            |    64 |    52 |   146 |    93 ||   355
Block: Buckler           |       |       |    27 |    29 ||    56

Table legend:
 A = Spawn XP
 B = Non-spawn XP
 C = Spawn XP percentage of total XP
 D = Spawn monster count
 E = Non-spawn monster count
 F = Spawn count percentage of total count
 G = Total turns spent on level
                    A         B        C        D         E        F      G
               +---------+---------+-------+---------+---------+-------+---------
         Total |       0 |    5841 |   0.0 |       0 |     202 |   0.0 |  9831
               +---------+---------+-------+---------+---------+-------+---------
           D:1 |       0 |      57 |   0.0 |       0 |      30 |   0.0 |  1097
           D:2 |       0 |      21 |   0.0 |       0 |      12 |   0.0 |   622
           D:3 |       0 |     531 |   0.0 |       0 |      44 |   0.0 |  1717
           D:4 |       0 |    1212 |   0.0 |       0 |      29 |   0.0 |  1905
           D:5 |       0 |     850 |   0.0 |       0 |      11 |   0.0 |  1312
           D:6 |       0 |     390 |   0.0 |       0 |      11 |   0.0 |   532
           D:7 |       0 |     660 |   0.0 |       0 |      14 |   0.0 |   953
           D:8 |       0 |    1195 |   0.0 |       0 |      36 |   0.0 |  1039
           D:9 |       0 |     925 |   0.0 |       0 |      15 |   0.0 |   644
               +---------+---------+-------+---------+---------+-------+---------
